 Dungeon Crawl Stone Soup version 0.29-a0-384-g6960b1960d (webtiles) character file.

Game seed: 235327261336193743

5614 swappor the Fighter (level 10, 0/139 HPs)
             Began as a Minotaur Berserker on May 7, 2022.
             Was a High Priest of Trog.
             Slain by a gnoll
             ... wielding a +1 halberd of electrocution
              (4 damage)
             ... in a bailey.
             The game lasted 00:39:25 (8985 turns).

swappor the Fighter (Minotaur Berserker)            Turns: 8985, Time: 00:39:26

Health: 0/139      AC: 25    Str: 23    XL:     10   Next: 45%
Magic:  3/3        EV:  2    Int:  8    God:    Trog [*****.]
Gold:   519        SH:  6    Dex:  9    Spells: 9/9 levels left

rFire   . . .      SeeInvis .   v - +3 war axe (antimagic)
rCold   . . .      Faith    .   b - +0 buckler
rNeg    + . .      Spirit   .   (body armour currently unavailable)
rPois   +          Reflect  .   (helmet currently unavailable)
rElec   .          Harm     .   (cloak currently unavailable)
rCorr   .          Rampage  .   (gloves currently unavailable)
Will    +....      NoTele   +   (boots currently unavailable)
Stlth   +.........              i - amulet of regeneration
HPRegen 1.13/turn               W - ring of willpower
MPRegen 0.08/turn               N - ring of positive energy {rN+}

@: tree-form, on berserk cooldown, slowed, very slow
A: stationary, stasis, torment immunity, boosted hp, (horns 2), (retaliatory
headbutt)
a: Renounce Religion, Berserk, Trog's Hand, Brothers in Arms


You were in a bailey.
You worshipped Trog.
Trog was extremely pleased with you.
You were a tree.
You visited 2 branches of the dungeon, and saw 9 of its levels.
You also visited: Sewer, Ossuary and Bailey.

You collected 519 gold pieces.

Inventory:

Hand Weapons
 c - a +2 flail of protection
   (You took it off Edmund on level 4 of the Dungeon)
 v - a +3 antimagic war axe (weapon)
   (Trog gifted it to you on level 7 of the Dungeon)
Missiles
 h - 3 boomerangs
 s - 5 poisoned darts (quivered)
Armour
 b - a +0 buckler (worn)
   (You found it on level 6 of the Dungeon)
 d - a +1 pair of gloves (melded)
   (You found it on level 1 of the Dungeon)
 u - a +0 chain mail (melded)
   (You took it off Edmund on level 4 of the Dungeon)
Jewellery
 i - an amulet of regeneration (around neck)
   (You found it on level 4 of the Dungeon)
 N - a ring of positive energy (right branch) {rN+}
   (You found it on level 2 of the Dungeon)
 W - a ring of willpower (left branch)
   (You found it on level 1 of the Dungeon)
Wands
 q - a wand of flame (24)
   (You found it on level 7 of the Dungeon)
Scrolls
 a - a scroll of fear {unknown}
 f - a scroll of enchant weapon {unknown}
 j - a scroll of poison {!r}
 k - a scroll of magic mapping {unknown}
 l - a scroll of silence {unknown}
 m - a scroll of brand weapon {unknown}
 n - a scroll of fog
 o - 5 scrolls of enchant armour
 D - a scroll of blinking {!r}
 K - 3 scrolls of immolation {!r}
 V - 3 scrolls of vulnerability {!r!r}
 Y - 12 scrolls of teleportation {@r3}
Potions
 e - 2 potions of curing {unknown}
 g - a potion of mutation {unknown}
 p - 3 potions of attraction {!q}
 r - a potion of resistance {unknown}
 t - a potion of heal wounds {unknown}
 w - a potion of magic {unknown}
 H - 6 potions of haste
 I - 3 potions of invisibility
 L - 5 potions of flight
 M - 4 potions of might
 P - 3 potions of lignification {!q}
 T - 3 potions of berserk rage {!q}


   Skills:
 - Level 10.0 Fighting
 * Level 8.5 Axes
 - Level 10.0 Armour
 - Level 5.0 Dodging
 + Level 9.5 Shields


You had 9 spell levels left.
You didn't know any spells.
Your spell library was empty.

Dungeon Overview and Level Annotations

Branches:
Dungeon (8/15)             Temple (1/1) D:5           Sewer (visited)
Ossuary (visited)          Bailey (1/1)
   Lair: D:8-11

Altars:
Ashenzari
Cheibriados
Dithmenos
Elyvilon
Fedhas
Gozag
Hepliaklqana
Kikubaaqudgha
Makhleb
Okawaru
Qazlal
Sif Muna
Trog
Uskayaw
Vehumet
Wu Jian
Xom
Yredelemnul
Zin
The Shining One

Shops:
D:1 [   D:6 =

Annotations:
D:1 exclusion: downstairs


Innate Abilities, Weirdness & Mutations

You are a tree.
Your roots penetrate the ground, keeping you stationary.
You cannot be teleported.
You are immune to unholy pain and torment.
Your maximum health is greatly increased.
Your equipment is partially melded.
((You have a pair of horns on your head.))
((You reflexively headbutt those who attack you in melee.))


Message History

The orc knight hits you but does no damage.
The gnoll completely misses you.
You slash the orc knight!
The orc knight hits you with a +0 halberd.
The gnoll hits you but does no damage.
You take 1 damage, and have 91/129 hp.
You closely miss the orc knight. You block the orc knight's attack.
The gnoll hits you but does no damage.
You are electrocuted!
You take 11 damage, and have 80/129 hp.
You barely miss the orc knight.
The orc knight hits you but does no damage.
The gnoll hits you from afar with a +1 halberd of electrocution.
You take 1 damage, and have 79/129 hp.
You hit the orc knight.
The orc knight hits you with a +0 halberd.
The gnoll hits you but does no damage.
The orc knight hits you with a +0 halberd!
The gnoll hits you but does no damage.
You are electrocuted!
You take 32 damage, and have 47/129 hp.
MASSIVE DAMAGE!!
A red film seems to cover your vision as you go berserk!
You feel yourself moving faster!
You feel mighty!
The orc knight hits you but does no damage.
The gnoll hits you but does no damage.
You now have 71/193 hp.
You hit the orc knight. You slice the orc knight!!
The orc knight hits you with a +0 halberd.
You block the gnoll's attack.
You take 5 damage, and have 67/193 hp.
You barely miss the orc knight.
The orc knight hits you but does no damage.
The gnoll hits you but does no damage.
You miss the orc knight. You barely miss the orc knight.
The orc knight hits you but does no damage.
The gnoll hits you from afar with a +1 halberd of electrocution.
You take 4 damage, and have 64/193 hp.
You closely miss the orc knight.
The orc knight hits you but does no damage.
The gnoll hits you but does no damage.
An orc comes into view. It is wielding a +0 spear.
The orc shouts!
You hit the orc knight.
The orc knight hits you with a +0 halberd!
You block the gnoll's attack.
You take 7 damage, and have 58/193 hp.
You hit the orc knight. You slice the orc knight!!
You kill the orc knight!
Trog accepts your kill.
The gnoll hits you from afar with a +1 halberd of electrocution.
Your life force feels restored.
Your Axes skill increases to level 8!
You take 1 damage, and have 58/208 hp.
You cannot move.
You cannot move.
You cannot move.
The gnoll hits you from afar with a +1 halberd of electrocution!
* * * LOW HITPOINT WARNING * * *
You take 6 damage, and have 52/208 hp.
You feel a strong urge to attack something.
You are no longer berserk.
You are exhausted.
You feel yourself slow down. You block the gnoll's attack.
You now have 35/139 hp.
The gnoll hits you from afar with a +1 halberd of electrocution.
* * * LOW HITPOINT WARNING * * *
You cannot move.
The gnoll hits you from afar with a +1 halberd of electrocution.
* * * LOW HITPOINT WARNING * * *
The gnoll hits you but does no damage.
You take 4 damage, and have 31/139 hp.
The gnoll hits you from afar with a +1 halberd of electrocution.
* * * LOW HITPOINT WARNING * * *
You take 1 damage, and have 30/139 hp.
Here: a gnoll, wielding a +1 halberd of electrocution
Items here: a +0 halberd of draining; a gnoll corpse.
An open door.
Unknown command.
The gnoll hits you but does no damage.
You are electrocuted!
* * * LOW HITPOINT WARNING * * *
The gnoll hits you but does no damage.
You take 12 damage, and have 18/139 hp.
Okay, then.
Throw: 5 darts (poison)
Aim: a gnoll, wielding a +1 halberd of electrocution (64% to hit)
Okay, then.
You cannot teleport because you are held in place by your roots.
The gnoll hits you but does no damage.
You regained 2 hp, and now have 20/139 hp.
The gnoll hits you but does no damage.
You are electrocuted!!
* * * LOW HITPOINT WARNING * * *
The gnoll hits you from afar with a +1 halberd of electrocution.
You die...

##### ### ##
#og)###)###)#
#'###♣##'##'#
o!# ##.....##
!.!.
###.....###
+!.⌠.
#.'..⌠..')#
#.!.!
###.....###
#!.! #..)..##
+##+ +#
#'##'##'##
#g#.# #.###.#
### ### #####
### #'#


You could see a gnoll and an orc.

Vanquished Creatures
  An orc knight (Bailey)
  The ghost of thiscave3701365 the Cleaver, a novice MiBe of Trog (D:5)
  The ghost of SkeletonJelly the Slasher, a novice BaFi of Okawaru (D:4)
  Sigmund (D:2)
  A wyvern (D:7)
  14 yaks
  Edmund (D:4)
  A sky beast (D:8)
  2 centaurs
  An ogre (D:5)
  A phantom (D:6)
  3 necrophages
  2 scorpions
  6 water moccasin zombies (Ossuary)
  A howler monkey (D:6)
  3 jellies
  2 orc priests
  3 hounds
  A gnoll shaman (D:5)
  4 iguanas
  5 orc wizards
  A merfolk siren (Sewer)
  A statue (D:3)
  A merfolk avatar (Sewer)
  2 mummies (Ossuary)
  12 adders
  18 gnolls
  2 river rats (Sewer)
  2 white imps
  2 adder zombies (Ossuary)
  2 worms
  The ghost of DocClef the Covert, a weakling GnDe (D:5)
  2 dart slugs
  19 orcs
  11 endoplasms
  5 giant cockroaches
  15 goblins
  5 hobgoblins
  5 jackals
  6 quokkas
  10 ball pythons
  6 bats
  6 frilled lizards (Sewer)
  3 gnoll zombies (Ossuary)
  6 hobgoblin zombies (Ossuary)
  6 kobolds
  4 kobold zombies (Ossuary)
  9 orc zombies (Ossuary)
  29 rats
246 creatures vanquished.

Vanquished Creatures (others)
  2 withered plants (D:5)
2 creatures vanquished.

Grand Total: 248 creatures vanquished

Notes
Turn   | Place    | Note
-------+----------+-------------------------------------------
     0 | D:1      | swappor the Minotaur Berserker began the quest for the Orb.
     0 | D:1      | Reached XP level 1. HP: 19/19 MP: 0/0
   286 | D:1      | Reached skill level 4 in Axes
   336 | D:1      | Reached XP level 2. HP: 26/26 MP: 1/1
   521 | D:1      | Found Suizuis's Armour Boutique.
   663 | D:1      | Reached skill level 5 in Axes
   720 | D:1      | Found a faded altar of an unknown god.
   903 | D:1      | Reached XP level 3. HP: 25/31 MP: 2/2
  1153 | D:2      | Noticed Sigmund
  1487 | D:1      | Reached skill level 6 in Axes
  1487 | D:1      | Reached XP level 4. HP: 28/39 MP: 3/3
  1878 | D:2      | Reached skill level 4 in Fighting
  2336 | D:2      | Killed Sigmund
  2337 | D:2      | Reached skill level 6 in Fighting
  2337 | D:2      | Reached XP level 5. HP: 31/51 MP: 4/4
  2337 | D:2      | Reached XP level 6. HP: 36/58 MP: 5/5
  2611 | D:3      | Reached ** piety under Trog
  2773 | D:3      | Found a radiant altar of Vehumet.
  3076 | D:3      | Reached skill level 7 in Fighting
  3458 | D:4      | Found a sand-covered staircase.
  3464 | Ossuary  | Entered an ossuary
  3509 | Ossuary  | Reached skill level 8 in Fighting
  3558 | Ossuary  | Reached *** piety under Trog
  3559 | Ossuary  | Reached XP level 7. HP: 47/69 MP: 6/6
  3709 | Ossuary  | Reached skill level 9 in Fighting
  3968 | D:4      | Found an opulent altar of Gozag.
  4064 | D:4      | Noticed Edmund
  4163 | D:4      | Killed Edmund
  4164 | D:4      | Reached skill level 10 in Fighting
  4298 | D:4      | You fall into a shaft and drop 3 floors!
  4435 | D:5      | Entered Level 5 of the Dungeon
  4454 | D:5      | Found a staircase to the Ecumenical Temple.
  4480 | D:5      | Reached skill level 3 in Armour
  4601 | D:5      | Reached skill level 4 in Armour
  4601 | D:5      | Reached XP level 8. HP: 79/79 MP: 7/7
  4627 | D:5      | Found a glowing drain.
  4643 | Sewer    | Entered a sewer
  4794 | Sewer    | Reached **** piety under Trog
  4805 | Sewer    | Reached skill level 5 in Armour
  5356 | D:5      | Found a shimmering blue altar of Sif Muna.
  5544 | D:5      | Found a runed translucent gate.
  5545 | D:5      | Found a runed translucent gate.
  5545 | D:5      | Found a runed translucent gate.
  5548 | D:5      | Noticed SkeletonJelly's ghost (novice BaFi)
  5548 | D:5      | Noticed thiscave3701365's ghost (novice MiBe)
  5548 | D:5      | Noticed DocClef's ghost (weakling GnDe)
  5682 | D:4      | Killed SkeletonJelly's ghost
  5683 | D:4      | Reached skill level 7 in Armour
  5819 | D:4      | Found an ancient bone altar of Kikubaaqudgha.
  6179 | D:4      | Reached skill level 8 in Armour
  6338 | D:5      | Killed thiscave3701365's ghost
  6339 | D:5      | Reached skill level 9 in Armour
  6481 | D:5      | Killed DocClef's ghost
  6502 | Temple   | Entered the Ecumenical Temple
  6675 | D:6      | Reached XP level 9. HP: 85/85 MP: 8/8
  6795 | D:6      | Reached skill level 10 in Armour
  6876 | D:6      | Reached skill level 3 in Dodging
  6889 | D:6      | Reached ***** piety under Trog
  7103 | D:6      | Reached skill level 4 in Dodging
  7216 | D:6      | Reached skill level 1 in Shields
  7235 | D:5      | Reached skill level 5 in Dodging
  7235 | D:5      | Reached skill level 2 in Shields
  7310 | D:6      | Reached skill level 3 in Shields
  7322 | D:6      | Reached skill level 4 in Shields
  7323 | D:6      | Reached skill level 5 in Shields
  7522 | D:6      | Found Ceomi's Jewellery Emporium.
  7753 | D:7      | swappor: ??contam
  7753 | D:7      | swappor: ??contam
  7753 | D:7      | beem: contam[1/4]: Powerful enchantments have cumulative
                  | side effects on the body, represented by a magic
                  | contamination stat. When you get enough contam, you start
                  | glowing, and you can get mutations. But it decays - unless
                  | you are hasted or invisible. The mutations are 1/5 random,
                  | otherwise bad with a 50% chance of overriding mutation
                  | resistance.
  7760 | D:7      | Reached skill level 6 in Shields
  7840 | D:7      | Reached skill level 7 in Shields
  7854 | D:7      | Reached skill level 8 in Shields
  7864 | D:7      | Reached XP level 10. HP: 69/93 MP: 9/9
  7869 | D:7      | Received a gift from Trog
  8085 | D:7      | Found a hide-covered altar of Uskayaw.
  8087 | D:7      | Found a blossoming altar of Fedhas.
  8492 | D:8      | Noticed a two-headed ogre
  8624 | D:7      | Reached skill level 7 in Axes
  8624 | D:7      | Reached skill level 9 in Shields
  8722 | D:8      | Found a flagged portal.
  8744 | Bailey   | Entered a bailey
  8951 | Bailey   | Noticed an orc knight
  8977 | Bailey   | Killed an orc knight
  8978 | Bailey   | Reached skill level 8 in Axes
  8978 | Bailey   | HP: 52/208 [gnoll/+1 halberd of electrocution (7)]
  8983 | Bailey   | HP: 18/139 [gnoll/+1 halberd of electrocution (13)]
  8985 | Bailey   | HP: 4/139 [gnoll/+1 halberd of electrocution (18)]
  8985 | Bailey   | Slain by a gnoll

Illustrated notes

Levels and vault maps discovered:
D:1:      dpeg_arrival_boxes_within_box, layout_rooms,
          ebering_ecumenical_altar_petrified, serial_shops, shop
D:2:      layout_rooms, uniq_sigmund
D:3:      layout_rooms, vehumet_statue
D:4:      kennysheep_big_flooded_room, layout_basic,
          nicolae_kikubaaqudgha_miasma_corner, mainiacjoe_overflow_paths,
          nicolae_ossuary_entry_plus, minmay_pentangle, uniq_edmund
D:5:      layout_cave_pools, mainiacjoe_overflow_alcove_4,
          minmay_temple_entry_antechambers, cheibrodos_sewer_entry_drain,
          gammafunk_ghost_cemetery
D:6:      layout_cave_pools, serial_shops, nicolae_square_shop,
          corexii_checkpoint_a
D:7:      layout_gridville, chequers_temple_overflow_statue_of_worship
D:8:      layout_loops_ring, enter_bailey_5
Temple:   nicolae_temple_great_sept
Bailey:   bailey_polearm_nasty_gnolls, bailey

Skill      XL: |  1  2  3  4  5  6  7  8  9 10 |
---------------+-------------------------------+-----
Axes           | 4 5 6 8 |  8.5
Fighting       | 6 8 10 | 10.0
Armour         | 4 9 10 | 10.0
Dodging        | 5 |  5.0
Shields        | 8 9 |  9.5

Action                   |  1- 3 |  4- 6 |  7- 9 | 10-12 || total
-------------------------+-------+-------+-------+-------++-------
Melee: Hand axe          |    62 |   156 |   422 |     6 ||   646
       Headbutt          |     9 |    18 |    94 |    21 ||   142
       Punch             |       |     3 |     6 |       ||     9
       War axe           |       |       |       |   109 ||   109
Throw: Stone             |    39 |       |       |       ||    39
       Boomerang         |       |    21 |       |       ||    21
Invok: Berserk           |     1 |     1 |     4 |     1 ||     7
       Trog's Hand       |       |       |     1 |       ||     1
Evoke: Wand              |       |       |       |     2 ||     2
  Use: Scroll            |       |     3 |    11 |       ||    14
       Potion            |       |       |       |     1 ||     1
Armor: Animal skin       |    14 |     3 |       |       ||    17
       Scale mail        |       |    50 |    11 |       ||    61
       Chain mail        |       |       |   170 |    52 ||   222
       Skin              |       |       |       |    19 ||    19
Dodge: Dodged            |    33 |    81 |   156 |    58 ||   328
Block: Buckler           |       |       |    15 |    37 ||    52

Table legend: (Time is in decaauts)
 A = Elapsed time spent in this place.
 B = Non-inter-level travel time spent in this place.
 C = Inter-level travel time spent in this place.
 D = Time resting spent in this place.
 E = Time spent auto-exploring this place.
 F = Levels seen in this place.
 G = Mean time per level.
                   A        B        C        D        E       F      G
               +--------+--------+--------+--------+--------+-----+--------+
         Total |   9131 |   8906 |    225 |   1695 |   3681 |  12 |  760.9 |
       Dungeon |   7762 |   7537 |    225 |   1451 |   3383 |   8 |  970.2 |
        Temple |     88 |     88 |      0 |      0 |     67 |   1 |   88.0 |
         Sewer |    629 |    629 |      0 |     53 |    230 |   1 |  629.0 |
       Ossuary |    404 |    404 |      0 |    191 |      0 |   1 |  404.0 |
        Bailey |    246 |    246 |      0 |      0 |      0 |   1 |  246.0 |
               +--------+--------+--------+--------+--------+-----+--------+

Top non-repeatable levels by time:
     D:1: 1716 daAuts
     D:4: 1138 daAuts
     D:7: 1041 daAuts
     D:5: 955 daAuts
     D:6: 921 daAuts
     D:2: 912 daAuts
     D:3: 861 daAuts
   Sewer: 629 daAuts
 Ossuary: 404 daAuts
  Bailey: 246 daAuts
     D:8: 215 daAuts
  Temple: 88 daAuts

Table legend:
 A = Kills in this place as a percentage of kills in entire the game.
 B = Kills by you in this place as a percentage of kills by you in the entire game.
 C = Kills by friends in this place as a percentage of kills by friends in the entire game.
 D = Other kills in this place as a percentage of other kills in the entire game.
 E = Experience gained in this place as a percentage of experience gained in the entire game.
 F = Experience gained in this place divided by the number of levels of this place that you have seen.
                   A       B       C       D       E      F
               +-------+-------+-------+-------+-------+----------------------
         Total | 100.0 | 100.0 |   N/A |   N/A | 100.0 | 668.4
       Dungeon |  61.8 |  61.8 |   N/A |   N/A |  81.8 | 820.6
         Sewer |  17.5 |  17.5 |   N/A |   N/A |   2.0 | 157.0
       Ossuary |  13.0 |  13.0 |   N/A |   N/A |   6.7 | 536.0
        Bailey |   7.7 |   7.7 |   N/A |   N/A |   9.5 | 763.0
               +-------+-------+-------+-------+-------+----------------------
